Map: Frost LE

Players

Fropez

  • Race: Protoss Protoss
  • League: Gold
  • Spawn Location: 7:00

RaigneMan - Winner!

  • Race: Zerg Zerg
  • League: Platinum
  • Spawn Location: 11:00

VOD

Have the link to the VOD?

Description

Time

  • Played on: Oct. 7, 2016, 11:53 a.m.
  • Length: 16:20
Show
View Real Time Build Order
Export as new Build Order

Fropez Protoss 

Build Orders:  

Get SALT Encoding   

  12  0:01  Probe (Chrono Boost)  
  13  0:11  Probe (Chrono Boost)  
  14  0:18  Pylon  
  14  0:22  Probe (Chrono Boost)  
  15  0:36  Probe (Chrono Boost)  
  15  0:39  Gateway  
  16  0:47  Probe (Chrono Boost)  
  16  0:48  Assimilator  
  17  0:58  Probe (Chrono Boost)  
  17  1:04  Assimilator  
  18  1:08  Probe (Chrono Boost)  
  19  1:17  Pylon  
  19  1:19  Probe (Chrono Boost)  
  20  1:30  Pylon, Probe (Chrono Boost)  
  20  1:32  Pylon  
  21  1:47  Nexus  
  21  1:53  Assimilator  
  21  1:56  Probe (Chrono Boost)  
  22  2:07  Probe (Chrono Boost)  
  23  2:10  Cybernetics Core  
  23  2:17  Probe (Chrono Boost)  
  24  2:33  Probe (Chrono Boost)  
  25  2:44  Gateway  
  25  2:45  Gateway  
  25  2:52  Pylon  
  25  2:55  Probe (Chrono Boost)  
  26  2:58  Mothership Core (Chrono Boost)  
  26  3:03  Warp Gate (Chrono Boost)  
  26  3:05  Probe  
  29  3:10  Adept (Chrono Boost)  
  31  3:17  Probe x2  
  32  3:39  Probe  
  32  3:41  Probe  
  33  3:44  Adept x2 (Chrono Boost)  
  38  3:58  Probe  
  38  3:59  Probe  
  38  4:01  Assimilator  
  40  4:04  Assimilator  
  40  4:08  Probe  
  40  4:09  Pylon  
  40  4:15  Adept x2  
  40  4:16  Adept  
  47  4:28  Twilight Council, Probe  
  48  4:35  Pylon, Probe  
  49  4:43  Probe  
  50  4:53  Probe  
  50  4:54  Pylon  
  50  4:57  Probe  
  50  4:59  Adept  
  54  5:00  Adept x2  
  54  5:03  Probe  
  59  5:12  Gateway  
  59  5:13  Probe  
  60  5:14  Resonating Glaives (Chrono Boost)  
  60  5:32  Adept x3  
  60  5:33  Probe  
  60  5:34  Probe  
  68  5:42  Gateway  
  68  5:47  Gateway  
  68  5:59  Probe  
  68  6:00  Probe  
  70  6:09  Forge, Probe  
  70  6:11  Pylon  
  68  6:20  Stalker x3  
  68  6:21  Stalker  
  74  6:37  Probe  
  74  6:38  Probe  
  76  6:44  Pylon  
  76  6:49  Adept x2  
  76  6:50  Adept  
  74  6:55  Protoss Ground Weapons Level 1 (Chrono Boost)  
  72  7:10  Adept x3  
  76  7:24  Stalker  
  76  7:26  Stalker  
  76  7:27  Stalker  
  82  7:33  Blink (Chrono Boost)  
  78  8:09  Stalker x4  
  78  8:10  Stalker x2  
  78  8:11  Probe x2  
  84  8:20  Pylon  
  84  8:23  Probe  
  84  8:26  Pylon  
  85  8:30  Pylon  
  85  8:38  Adept  
  85  8:39  Adept x4  
  93  8:56  Gateway  
  93  8:59  Probe x2  
  95  9:11  Probe  
  96  9:17  Adept  
  96  9:18  Adept x4  
  96  9:24  Nexus, Pylon  
  94  9:37  Probe x2  
  94  9:48  Adept x6  
  94  9:49  Probe  
  107  9:57  Probe  
  108  10:01  Probe  
  108  10:04  Protoss Ground Armor Level 1 (Chrono Boost)  
  109  10:08  Robotics Facility  
  109  10:11  Adept x4  
  115  10:25  Gateway  
  115  10:28  Pylon  
  107  10:37  Photon Cannon  
  107  10:42  Stalker x3  
  95  10:56  Forge  
  95  10:57  Adept  
  95  10:58  Adept x2  
  101  11:09  Sentry x3  
  106  11:11  Probe  
  106  11:12  Probe  
  106  11:13  Probe  
  106  11:16  Assimilator  
  106  11:18  Assimilator  
  109  11:25  Observer, Templar Archives  
  110  11:30  Protoss Ground Weapons Level 2 (Chrono Boost)  
  110  11:35  Probe x2  
  112  11:52  Sentry x4  
  112  11:53  Sentry  
  122  12:00  Probe x2  
  124  12:06  Photon Cannon  
  124  12:09  Photon Cannon  
  124  12:10  Gateway  
  124  12:13  Gateway  
  124  12:14  Protoss Shields Level 1 (Chrono Boost), Photon Cannon  
  124  12:16  Pylon  
  124  12:18  Probe  
  124  12:19  Probe  
  124  12:21  Pylon  
  126  12:24  Immortal (Chrono Boost)  
  130  12:31  High Templar x5  
  130  12:32  High Templar x2  
  130  12:36  Archon x2  
  130  12:37  Archon  
  141  13:05  Adept x4  
  124  13:06  Adept x3  
  126  13:18  Probe  
  126  13:19  Probe  
  119  13:20  Probe  
  121  13:29  Probe  
  121  13:32  Probe  
  118  13:37  Protoss Ground Armor Level 2  
  118  13:39  Nexus  
  118  13:40  Stalker x2  
  121  13:42  Pylon  
  121  13:44  Pylon  
  120  14:03  Adept x3  
  120  14:04  Adept x3  
  120  14:05  Adept  
  133  14:10  Probe x2  
  133  14:13  Probe  
  136  14:22  Probe  
  137  14:24  Pylon  
  135  15:02  High Templar x5  
  135  15:03  High Templar x4  
  135  15:06  Archon x3  
  153  15:07  Archon x2  
  154  15:28  Probe  
  154  15:57  Nexus  
Show
View Real Time Build Order
Export as new Build Order

RaigneMan Zerg - Winner!

Build Orders: Hatch First 

Get SALT Encoding   

  12  0:01  Drone  
  13  0:08  Drone  
  14  0:16  Overlord  
  14  0:26  Extractor  
  14  0:28  Extractor  
  12  0:29  Drone x2  
  12  0:35  Drone  
  17  0:46  Drone  
  18  0:59  Hatchery  
  17  1:06  Drone  
  17  1:08  Drone  
  19  1:21  Spawning Pool  
  18  1:26  Extractor  
  18  1:27  Drone  
  18  1:28  Drone  
  19  1:38  Drone  
  20  1:51  Overlord  
  20  2:02  Drone  
  20  2:03  Extractor  
  20  2:07  Queen  
  22  2:11  Queen  
  22  2:12  Zergling x2  
  22  2:13  Zergling x2  
  26  2:21  Drone  
  26  2:22  Drone  
  28  2:32  Drone  
  29  2:45  Metabolic Boost  
  29  2:52  Drone x3  
  29  2:53  Queen  
  29  2:55  Lair  
  34  3:06  Evolution Chamber, Drone  
  34  3:07  Evolution Chamber  
  34  3:10  Drone  
  34  3:25  Drone x2  
  35  3:27  Drone  
  35  3:29  Overlord  
  36  3:36  Zerg Melee Weapons Level 1  
  35  3:42  Zerg Ground Armor Level 1  
  35  3:47  Drone x2  
  37  3:50  Drone x2  
  39  4:01  Zergling x6  
  42  4:03  Spine Crawler  
  41  4:13  Spire  
  39  4:17  Drone  
  39  4:18  Drone x2  
  42  4:25  Drone  
  42  4:26  Drone  
  44  4:39  Overlord  
  44  4:41  Overlord  
  44  4:42  Overlord  
  44  4:44  Extractor  
  43  4:46  Extractor  
  43  4:47  Drone x2  
  44  4:56  Overlord x4  
  44  5:03  Drone x3  
  47  5:31  Mutalisk  
  47  5:32  Mutalisk x4  
  47  5:35  Mutalisk  
  57  5:36  Drone  
  59  5:55  Spine Crawler  
  58  5:58  Zergling x14  
  65  6:24  Zergling x2  
  65  6:25  Zergling x16  
  74  6:32  Zergling x4  
  74  6:43  Zerg Flyer Weapons Level 1  
  58  7:25  Drone x6  
  58  7:26  Drone x6  
  70  7:33  Zerg Melee Weapons Level 2  
  70  7:35  Zerg Ground Armor Level 2, Hatchery  
  69  7:38  Drone x2  
  70  7:53  Zergling x4  
  72  8:09  Drone x8  
  80  8:27  Hatchery  
  80  8:30  Hatchery  
  76  8:41  Zergling x6  
  79  8:43  Zergling x6  
  78  8:49  Zergling x2  
  78  8:55  Zergling x10  
  84  9:08  Zergling x10  
  84  9:09  Extractor  
  88  9:12  Extractor  
  83  9:17  Infestation Pit  
  83  9:21  Zergling x8  
  80  9:35  Zergling x14  
  80  9:36  Zergling x2  
  87  9:43  Zerg Flyer Weapons Level 2  
  87  9:46  Zergling x12  
  93  9:53  Zergling x4  
  93  9:58  Hive  
  93  9:59  Infestor  
  97  10:08  Zergling x2  
  97  10:09  Zergling x4  
  100  10:19  Spore Crawler  
  99  10:21  Spine Crawler  
  99  10:23  Spine Crawler  
  91  10:42  Infestor x3  
  88  10:43  Infestor x2  
  89  10:50  Queen  
  91  11:16  Infestor x2  
  91  11:17  Zergling x18  
  91  11:18  Zergling x14  
  111  11:22  Zerg Melee Weapons Level 3  
  111  11:23  Zerg Ground Armor Level 3, Overlord  
  111  11:24  Overlord  
  111  11:29  Overlord x2  
  111  11:45  Ultralisk Cavern  
  110  11:48  Adrenal Glands  
  110  11:49  Hatchery  
  110  11:50  Zergling x14  
  116  12:00  Greater Spire  
  116  12:10  Zergling x4  
  116  12:11  Zergling x12  
  124  12:23  Overseer  
  124  12:27  Overseer  
  124  12:44  Chitinous Plating  
  124  12:45  Corruptor x3  
  124  12:47  Corruptor  
  124  12:48  Corruptor  
  97  13:19  Ultralisk x4  
  109  13:37  Queen  
  109  13:39  Ultralisk  
  107  13:50  Extractor x2  
  105  14:05  Ultralisk x2  
  117  14:22  Drone x9  
  125  14:31  Brood Lord  
  125  14:35  Brood Lord  
  126  14:44  Zergling x8  
  126  14:45  Zergling x2  
  129  14:58  Zergling x10  
  129  14:59  Zergling x2  
  135  15:08  Spine Crawler  
  134  15:23  Zergling x2  
  134  15:24  Zergling x18  
  134  15:25  Zergling x2  
  145  15:48  Spine Crawler  
  144  15:50  Spore Crawler  
  143  15:57  Zergling x14  
Tags
 
Matchup
PvZ
Replay Pack
All Mines
Spawn Locations
Close Positions
Add a new tag
Caveats
  • Supply blocks, unpowered buildings, or Contaminate may cause inaccurate times.
  • Supply counts are checked every 10 seconds.